 Dungeon Crawl Stone Soup version 0.28.0-47-ge53b351184 (webtiles) character file.

Game seed: 14974969943760628191

1334 bobregger the Cutter (level 8, -1/48 HPs)
             Began as a Deep Elf Fighter on May 1, 2022.
             Slain by an ogre
             ... wielding a +0 giant club
              (7 damage)
             ... on level 6 of the Dungeon.
             The game lasted 00:10:29 (9392 turns).

bobregger the Cutter (Deep Elf Fighter)             Turns: 9392, Time: 00:10:30

Health: -1/48      AC: 10    Str: 15    XL:     8   Next: 34%
Magic:  10/10      EV:  9    Int: 20    God:
Gold:   327        SH:  5    Dex: 14    Spells: 7/7 levels left

rFire   . . .      SeeInvis .   a - +0 rapier
rCold   . . .      Faith    .   c - +0 buckler
rNeg    + . .      Spirit   .   h - +1 ring mail {rN+}
rPois   .          Reflect  .   (helmet restricted)
rElec   .          Harm     .   (no cloak)
rCorr   .          Rampage  +   n - +0 pair of gloves
Will    .....                   g - +1 pair of boots {rampage}
Stlth   +.........              (no amulet)
HPRegen 0.16/turn               f - +6 ring of intelligence
MPRegen 0.12/turn               (no ring)

@: no status effects
A: antennae 1, MP-powered wands
a: no special abilities


You were on level 6 of the Dungeon.
You visited 1 branch of the dungeon, and saw 6 of its levels.

You collected 327 gold pieces.

Inventory:

Hand Weapons
 a - a +0 rapier (weapon)
Armour
 c - a +0 buckler (worn)
 g - a +1 pair of boots of rampaging (worn)
 h - a +1 ring mail of positive energy (worn)
 n - a +0 pair of gloves (worn)
Jewellery
 f - a +6 ring of intelligence (left hand)
Wands
 b - a wand of iceblast (5)
 k - a wand of paralysis (5)
Scrolls
 d - 2 scrolls of noise {unknown}
 i - a scroll of fog {unknown}
 p - 2 scrolls of identify {unknown}
 r - a scroll of silence {unknown}
 s - a scroll of acquirement {unknown}
Potions
 e - 3 potions of flight
 j - a potion of haste
 o - a potion of brilliance
 q - a potion of attraction {unknown}


   Skills:
 + Level 4.4 Fighting
 * Level 6.7 Short Blades
 + Level 4.5 Armour
 + Level 4.4 Shields


You had 7 spell levels left.
You didn't know any spells.
Your spell library contained the following spells:

 Spells                   Type           Power      Damage    Failure   Level
 Magic Dart               Conj           0%         1d3       43%         1
 Call Imp                 Summ           0%         N/A       56%         2
 Mephitic Cloud           Conj/Pois/Air  0%         N/A       80%         3


Dungeon Overview and Level Annotations

Branches:
Dungeon (6/15)
 Temple: D:4-7

Altars:
Ru
Sif Muna
Xom
Zin

Shops:
D:4 =   D:5 (


Innate Abilities, Weirdness & Mutations

You have a pair of small antennae on your head.
You expend magic power (3 MP) to strengthen your wands.


Message History

The ufetubus hits you but does no damage. x2
You hit the ufetubus but do no damage. The ufetubus barely misses you.
You block the ufetubus's attack. The ufetubus closely misses you.
The ufetubus barely misses you.
You hit the ufetubus.
The ufetubus is moderately wounded.
The ufetubus closely misses you. The ufetubus hits you.
You hit the ufetubus.
You kill the ufetubus!
HP restored.
An ogre comes into view. It is wielding a +0 giant club.
The ogre shouts!
An ogre is nearby!
An ogre is nearby!
An ogre is nearby!
An adder comes into view.
The adder moves out of view.
You hit the ogre but do no damage. The ogre hits you with a +0 giant club!
You barely miss the ogre. You block the ogre's attack.
You hit the ogre but do no damage. The ogre misses you.
You barely miss the ogre. You hit the ogre.
The ogre is lightly wounded.
The ogre hits you with a +0 giant club!!
* * * LOW HITPOINT WARNING * * *
You hit the ogre.
The ogre is moderately wounded.
The ogre hits you with a +0 giant club.
* * * LOW HITPOINT WARNING * * *
You puncture the ogre!
The ogre is heavily wounded.
You block the ogre's attack.
You completely miss the ogre.
The ogre is heavily wounded.
The ogre hits you with a +0 giant club.
* * * LOW HITPOINT WARNING * * *
You hit the ogre but do no damage.
The ogre is heavily wounded.
The ogre hits you with a +0 giant club!
You die...

#......##......#..#.
#......##......#....
#......##......#.#..
#......##......#.#..
#......##......#.#..
####......#########.#..
#.....##### #.#..
######.##.....# #.##.
...........@..# #. .
#########.O...#
.............#
.######.#.#### #.#.#
#.#.# ..... #.#.# #.#.#


You could see an ogre.

Vanquished Creatures
  2 ice beasts
  A sky beast (D:5)
  A necrophage (D:5)
  A centaur (D:6)
  A phantom (D:6)
  2 kobold brigands
  3 scorpions
  A howler monkey (D:4)
  A centaur zombie (D:3)
  A hound (D:5)
  A bullfrog zombie (D:3)
  An orc priest (D:5)
  A centaur skeleton (D:4)
  3 iguanas
  Ijyb (D:3)
  Terence (D:3)
  5 adders
  A white imp (D:6)
  2 ufetubi
  2 worms (D:2)
  2 dart slugs
  17 orcs
  5 endoplasms
  A giant cockroach (D:1)
  10 goblins
  6 hobgoblins
  2 jackals (D:1)
  7 quokkas
  4 ball pythons
  7 bats
  5 frilled lizards
  17 kobolds
  5 rats
120 creatures vanquished.

Notes
Turn   | Place    | Note
-------+----------+-------------------------------------------
     0 | D:1      | bobregger the Deep Elf Fighter began the quest for the Orb.
     0 | D:1      | Reached XP level 1. HP: 13/13 MP: 3/3
   171 | D:1      | Reached XP level 2. HP: 16/18 MP: 4/4
   364 | D:1      | Found a faded altar of an unknown god.
   754 | D:2      | Reached XP level 3. HP: 18/22 MP: 5/5
  1152 | D:2      | Reached skill level 3 in Short Blades
  1769 | D:3      | Noticed Ijyb
  1783 | D:3      | Killed Ijyb
  1784 | D:3      | Reached XP level 4. HP: 8/27 MP: 6/6
  2081 | D:3      | Noticed Terence
  2091 | D:3      | Killed Terence
  2304 | D:3      | Reached XP level 5. HP: 3/32 MP: 7/7
  2305 | D:3      | Gained mutation: You are robust. (+10% HP) [potion of
                  | mutation]
  2306 | D:3      | HP: 1/35 [rat (3)]
  2614 | D:3      | Lost mutation: You are robust. (+10% HP) [potion of
                  | mutation]
  2614 | D:3      | Gained mutation: You have a pair of small antennae on your
                  | head. [potion of mutation]
  2614 | D:3      | Gained mutation: You expend magic power (3 MP) to
                  | strengthen your wands. [potion of mutation]
  2951 | D:3      | Reached skill level 4 in Short Blades
  3638 | D:4      | Reached XP level 6. HP: 13/37 MP: 8/8
  4204 | D:4      | Found a sacrificial altar of Ru.
  4204 | D:4      | Found a shimmering altar of Xom.
  4526 | D:4      | Found Lasmump's Jewellery Shoppe.
  5035 | D:5      | Entered Level 5 of the Dungeon
  5116 | D:5      | Noticed a sky beast
  5139 | D:5      | Killed a sky beast
  5140 | D:5      | Reached skill level 5 in Short Blades
  5140 | D:5      | Reached XP level 7. HP: 15/42 MP: 9/9
  6990 | D:5      | Found Kineqeep's Antique Weapon Boutique.
  7278 | D:5      | Reached skill level 6 in Short Blades
  7820 | D:6      | Found a glowing silver altar of Zin.
  8249 | D:6      | Reached XP level 8. HP: 36/48 MP: 10/10
  8552 | D:6      | Found a shimmering blue altar of Sif Muna.
  8841 | D:6      | Paralysed by a centaur for 6 turns
  9392 | D:6      | Slain by an ogre

Illustrated notes

Levels and vault maps discovered:
D:1:      ncdulo_watergridlock, layout_basic,
          hellmonk_ecumenical_altar_leap_of_faith, st_stairs_6,
          serial_park_tiny_1, minmay_small_reverse_x
D:2:      layout_rooms, serial_glass, glass_columns_c, glass_columns_a,
          due_unseen_surprise, feat_on_display, feat_on_display
D:3:      layout_basic, serial_corexii_hall, chequers_hall_statues_y,
          chequers_hall_statues_y, corexii_hall_statues_i,
          corexii_hall_statues_x, roderic_serpentine_path, uniq_ijyb,
          uniq_terence
D:4:      layout_basic, gammafunk_temple_overflow_elements,
          chequers_ossuary_entry_cave, serial_shops, nicolae_take_the_stairs
D:5:      layout_cave_pods, serial_shops, kennysheep_mini_moat, minivault_23,
          minmay_misc_feat_five
D:6:      layout_basic, mainiacjoe_overflow_catch_the_wave

Skill      XL: |  1  2  3  4  5  6  7 |
---------------+----------------------+-----
Short Blades   | 3 4 5 6 |  6.7
Armour         | 3 4 |  4.5
Shields        | 3 4 |  4.4
Fighting       | 3 4 |  4.4

Action                   |  1- 3 |  4- 6 |  7- 9 || total
-------------------------+-------+-------+-------++-------
Melee: Rapier            |   131 |   201 |   257 ||   589
Evoke: Wand              |       |       |     9 ||     9
  Use: Scroll            |     2 |       |     1 ||     3
       Potion            |       |     4 |     7 ||    11
Armor: Scale mail        |    66 |   121 |    43 ||   230
       Ring mail         |       |       |    60 ||    60
Dodge: Dodged            |    48 |    95 |    95 ||   238
Block: Buckler           |    30 |    48 |    54 ||   132
